 Dungeon Crawl Stone Soup version 0.20-a0-1018-ge435b50 (webtiles) character file.

170259 Duffy the Severer (level 17, -1/151 HPs)
             Began as a Demonspawn Fighter on Apr 17, 2017.
             Was the Champion of Cheibriados.
             Killed from afar by a thorn hunter (7 damage)
             ... with a volley of thorns
             ... on level 1 of the Swamp.
             The game lasted 00:43:44 (36349 turns).

Duffy the Severer (Demonspawn Fighter)             Turns: 36349, Time: 00:43:45

Health: -1/151     AC: 35    Str: 38    XL:     17   Next: 37%
Magic:  28/28      EV: 18    Int: 26    God:    Cheibriados [******]
Gold:   3176       SH: 25    Dex: 29    Spells: 16/16 levels left

rFire    + . .     SeeInvis +   a - +2 broad axe (chop)
rCold    + . .     Gourm    .   J - +2 large shield
rNeg     + . .     Faith    +   C - +3 plate armour {rC+}
rPois    +         Spirit   .   (helmet unavailable)
rElec    .         Reflect  .   Q - +0 cloak
rCorr    +         Harm     .   u - +5 pair of gloves "Oco Dar" {rCorr SInv}
MR       ++...     Clarity  +   y - +2 pair of boots {Fly}
Stlth    ..........             E - amulet of faith
Regen    0.4/turn               R - +6 ring of evasion
MPRegen  0.3/turn               K - ring of protection from magic

@: very slightly contaminated, very slow
A: antennae 3, hooves 1, molten scales 3, clarity, demonic guardian 2, negative
energy resistance 1, nightstalker 2, poison resistance, robust 1, shaggy fur 1,
strong 1, subdued magic 1
a: Bend Time, Temporal Distortion, Slouch, Step From Time, Renounce Religion,
Evoke Flight


You were on level 1 of the Swamp.
You worshipped Cheibriados.
Cheibriados was exalted by your worship.
You were not hungry.

You visited 6 branches of the dungeon, and saw 28 of its levels.
You also visited: Labyrinth, Ice Cave and Volcano.

You collected 4058 gold pieces.
You spent 882 gold pieces at shops.

Inventory:

Hand Weapons
 a - a +2 broad axe of chopping (weapon)
 b - a +0 scimitar of flaming
 r - a +5 war axe
 L - a +6 blowgun
 O - a +4 broad axe
Missiles
 h - 2 throwing nets (quivered)
 n - 5 curare-tipped needles
Armour
 u - the +5 pair of gloves "Oco Dar" (worn) {rCorr SInv}
   (You found it on level 4 of the Dungeon)

   It lets you see invisible.
   It protects you from acid and corrosion.
 y - a +2 pair of boots of flying (worn)
 C - a +3 plate armour of cold resistance (worn)
 J - a +2 large shield (worn)
 Q - a +0 cloak (worn)
Jewellery
 s - an uncursed ring of protection from fire
 E - an amulet of faith (around neck)
 H - an uncursed ring of protection from cold
 I - an uncursed ring of protection from cold
 K - a ring of protection from magic (right hand)
 R - a +6 ring of evasion (left hand)
Wands
 D - a wand of digging (20/24)
 N - a wand of paralysis (7/24)
Scrolls
 e - 5 scrolls of teleportation
 k - 3 scrolls of enchant armour
 m - 5 scrolls of blinking
 o - 4 scrolls of fear
 p - 12 scrolls of remove curse
 q - 2 scrolls of fog
 t - 10 scrolls of identify
 w - 6 scrolls of enchant weapon
 G - 4 scrolls of immolation
 P - 2 scrolls of magic mapping
Potions
 d - 5 potions of might
 g - 5 potions of flight
 i - 6 potions of agility
 j - 7 potions of heal wounds
 l - 10 potions of curing
 v - 2 potions of ambrosia
 x - 3 potions of cancellation
 F - 3 potions of resistance
 M - 3 potions of mutation
 S - 2 potions of invisibility
Comestibles
 f - 12 bread rations
 z - 6 royal jellies
 A - 10 meat rations
 B - 27 fruits


   Skills:
 + Level 13.9 Fighting
 + Level 15.7 Axes
 + Level 12.6 Armour
 + Level 6.4 Dodging
 + Level 12.3 Shields
 - Level 15.0 Invocations


You had 16 spell levels left.
You didn't know any spells.

Dungeon Overview and Level Annotations

Branches:
Dungeon (15/15)            Temple (1/1) D:4            Lair (6/6) D:8
  Swamp (1/4) Lair:3        Snake (3/4) Lair:4        Slime (0/5) Lair:5
    Orc (2/2) D:9             Elf (0/3) Orc:2        Vaults (0/5) D:13
 Depths (0/5) D:15

Altars:
Ashenzari
Cheibriados
Dithmenos
Elyvilon
Fedhas
Gozag
Hepliaklqana
Kikubaaqudgha
Makhleb
Nemelex Xobeh
Okawaru
Qazlal
Ru
Sif Muna
Trog
Uskayaw
Vehumet
Wu Jian
Xom
Yredelemnul
Zin
The Shining One

Shops:
D:13 (   D:15 [   Orc:1 }   Orc:2 ?*}}   Snake:1 }==   Snake:2 *

Annotations:
D:10 exclusion: oklob sapling
Lair:3 exclusion: oklob plant
Lair:5 exclusion: oklob plant


Innate Abilities, Weirdness & Mutations

You have a pair of large antennae on your head. (SInv)
You are completely covered in molten scales. (AC +4, rF+)
A demonic guardian rushes to your aid.
You resist negative energy. (rN+)
You are significantly more attuned to the shadows.
You have large cloven feet.
You possess an exceptional clarity of mind.
Your system is resistant to poisons. (rPois)
You are robust. (+10% HP)
You are covered in fur. (AC +1)
Your muscles are strong. (Str +2)
Your spells are a little easier to cast, but a little less powerful.


Message History

You destroy the briar patch!
The briar patch is engulfed in a cloud of scalding steam.
The thorn hunter fires a volley of thorns at you.
The volley of thorns misses you. You block the thorn hunter's attack.
The thorn hunter misses you.
Okay, then.
Blink to where?
Press: ? - help, Dir - move target cursor You are very lightly contaminated with residual magic.
As you read the scroll of blinking, it crumbles to dust.
Found 20 gold pieces.
You enter the shallow water.
Moving in this stuff is going to be slow.
Your surroundings suddenly seem different.
The briar patch crumbles away.
Thorny briars emerge from the ground!
The thorn hunter fires a volley of thorns at you.
The volley of thorns hits you!
The thorn hunter fires a volley of thorns at you.
The volley of thorns hits you!
You die...

~~~~7~.~.~~00.~~.~~7.7~~.7
~~.~~~~77..~~0~~.PP~PPP77
..).~07 77.~~~~..7~.>~~7
~~ ~~... 7~~.~......7..77
~ ~~~. 77..0.~.~~.~7.7
.77(7 ~..~.~07~.~.77
7.~~.. ~0~~.0~...77
777...~~~
..%~.~~~P..777~~~~~~~~
...~.@.PPP.~~..~~.~...
7.....~PPP.~~.~~~~.~~{
77.~~0PPPf.~.~~0..$0~~
7~0~~7PP..~.~.~7.~~7.
7.~.~.......~.77.~~~~
7..~0.7...7~.~7 ~.77
~7.7..77.7~7 7 0 7..7 ~


7 7 You could see a thorn hunter.

Vanquished Creatures
  Nikola (Snake:3)
  Gastronok (Lair:3)
  3 nagarajas (Snake:2)
  An orc warlord (Orc:1)
  The ghost of dvd the Thaumaturge, a journeyman DsIE of Cheibriados (Orc:2)
  Snorg (Lair:6)
  A fire dragon (Lair:6)
  2 rakshasas (D:15)
  13 naga warriors
  2 ice dragons (IceCv)
  12 hydras
  3 death yaks (Lair:5)
  An alligator (Swamp:1)
  7 ogre magi
  4 centaur warriors
  8 anacondas
  20 two-headed ogres
  A catoblepas (Lair:6)
  2 tengu warriors (D:13)
  Urug (D:11)
  3 shock serpents
  2 naga sharpshooters (Snake:3)
  A salamander mystic (Snake:3)
  5 skeletal warriors
  4 unseen horrors
  A glowing orange brain (D:15)
  2 swamp dragons
  A glowing orange brain (shapeshifter) (D:15)
  2 orc knights
  2 naga ritualists
  2 wolf spider zombies
  6 mana vipers
  2 orc sorcerers
  17 ugly things
  2 deep elf magi
  A cyclops (D:12)
  6 manticores
  3 slime creatures (D:15)
  6 salamanders
  34 black mambas
  7 naga magi
  2 ice statues (IceCv)
  5 guardian serpents
  12 spiny frogs
  3 torpor snails
  An efreet (D:15)
  5 centaur skeletons
  A yaktaur (shapeshifter) (D:15)
  7 rime drakes
  2 freezing wraiths
  2 ice devils (D:13)
  13 komodo dragons
  8 trolls
  A wind drake (shapeshifter) (D:15)
  A queen bee (shapeshifter) (D:14)
  A meliai zombie (D:14)
  A bog body (Swamp:1)
  14 dream sheep
  15 blink frogs
  11 hippogriffs
  Sigmund (D:5)
  A spriggan (D:7)
  2 wyverns
  3 basilisks
  4 wraiths
  35 yaks
  A golden eye (shapeshifter) (D:15)
  3 steam dragons
  2 vampire mosquitoes (D:12)
  26 nagas
  3 swamp worms (Lair:4)
  5 acid dragons
  5 wargs
  2 soldier ants
  16 water moccasins
  Duvessa (D:5)
  23 porcupines
  3 swamp drakes
  4 black bears
  19 ice beasts
  21 orc warriors
  2 eyes of draining
  A phantom (D:9)
  5 sky beasts
  A hornet zombie (D:15)
  8 wolves
  37 ogres
  22 centaurs
  20 crocodiles
  17 bullfrogs
  5 big kobolds
  A wyvern zombie (D:8)
  A gnoll sergeant (Orc:2)
  3 wyvern skeletons
  Dowan (D:5)
  3 scorpions
  A water moccasin skeleton (D:6)
  13 killer bees
  A howler monkey (D:12)
  5 wights (D:9)
  3 electric eels
  6 crimson imps
  2 bullfrog zombies
  7 hounds
  6 centaur zombies
  17 orc wizards
  A quasit (D:7)
  2 bullfrog skeletons
  16 orc priests
  4 jellies
  Ijyb (D:5)
  9 iguanas
  5 hell rats (Lair:6)
  8 worker ants
  2 hound zombies
  2 hound skeletons
  A howler monkey zombie (D:6)
  4 gnolls (Orc:2)
  14 adders
  2 shadow imps
  An ooze (D:6)
  An adder zombie (D:5)
  A worm (D:3)
  3 leopard geckos
  71 orcs
  7 giant cockroaches
  7 goblins
  2 hobgoblins
  14 jackals
  3 quokkas
  7 ball pythons
  8 bats
  8 frilled lizards
  34 kobolds
  A leopard gecko skeleton (D:6)
  A quokka zombie (D:8)
  10 rats
  5 briar patches (Swamp:1)
  3 fungi
  6 plants
931 creatures vanquished.

Vanquished Creatures (collateral kills)
  A nagaraja (Snake:2)
  A red draconian (Volcano)
  A minotaur (Lab)
  2 naga warriors
  A hydra (Lair:5)
  A catoblepas (Lair:6)
  A death knight (D:13)
  5 two-headed ogres
  An orc high priest (Orc:2)
  A death yak (Lair:5)
  A lindwurm (Lair:6)
  A mana viper (Snake:3)
  A manticore (Lair:6)
  A black mamba (Snake:2)
  2 naga magi (Snake:1)
  A torpor snail (Lair:3)
  4 spiny frogs
  3 blink frogs
  8 dream sheep
  2 hippogriffs (Lair:6)
  15 yaks
  4 nagas
  A water moccasin (Lair:3)
  A porcupine (Lair:2)
  3 orc warriors
  8 ogres
  A crocodile (Lair:3)
  3 bullfrogs
  A scorpion (D:8)
  A killer bee (D:8)
  A hound (D:6)
  An orc priest (D:7)
  2 orc wizards
  A worker ant (D:13)
  A shadow imp (D:15)
  4 orcs
  A ball python (D:7)
  2 briar patches (Swamp:1)
90 creatures vanquished.

Vanquished Creatures (others)
  17 fungi
  12 plants
29 creatures vanquished.

Grand Total: 1050 creatures vanquished

Notes
Turn   | Place    | Note
-------+----------+-------------------------------------------
     0 | D:1      | Duffy the Demonspawn Fighter began the quest for the Orb.
     0 | D:1      | Reached XP level 1. HP: 18/18 MP: 1/1
   216 | D:1      | Gained mutation: You are slightly more attuned to the shadows. [demonic ancestry]
   216 | D:1      | Reached XP level 2. HP: 23/24 MP: 2/2
  1018 | D:2      | Gained mutation: You have a pair of small antennae on your head. [demonic ancestry]
  1018 | D:2      | Reached XP level 3. HP: 29/29 MP: 3/3
  1935 | D:3      | Found a white marble altar of Elyvilon.
  2121 | D:3      | Gained mutation: You are partially covered in molten scales. (AC +2) [demonic ancestry]
  2121 | D:3      | Reached XP level 4. HP: 25/35 MP: 4/4
  2697 | D:4      | Noticed a phantom
  2884 | D:4      | Got a pair of spiked gloves
  2894 | D:3      | Identified the +5 pair of gloves "Oco Dar" {rCorr SInv} (You found it on level 4 of the Dungeon)
  3038 | D:4      | Reached XP level 5. HP: 39/42 MP: 5/5
  3465 | D:4      | Noticed an ogre
  3487 | D:4      | Killed an ogre
  3487 | D:4      | Reached XP level 6. HP: 48/48 MP: 6/6
  3627 | D:4      | Found a staircase to the Ecumenical Temple.
  3748 | Temple   | Entered the Ecumenical Temple
  3858 | Temple   | Became a worshipper of Cheibriados the Contemplative
  4267 | D:4      | You fall through a shaft for 2 floors!
  4277 | D:5      | Entered Level 5 of the Dungeon
  4345 | D:5      | Noticed Duvessa
  4345 | D:5      | Noticed Dowan
  4358 | D:5      | Noticed Ijyb
  4364 | D:5      | Killed Dowan
  4367 | D:5      | Killed Duvessa
  4367 | D:5      | Gained mutation: A weak demonic guardian rushes to your aid. [demonic ancestry]
  4367 | D:5      | Reached XP level 7. HP: 35/55 MP: 7/7
  4390 | D:5      | Killed Ijyb
  4521 | D:5      | Noticed Sigmund
  4527 | D:5      | Killed Sigmund
  4791 | D:4      | Reached skill level 5 in Axes
  4794 | D:4      | Reached skill level 5 in Fighting
  5282 | D:5      | Reached * piety under Cheibriados
  5446 | D:5      | Reached XP level 8. HP: 62/62 MP: 8/8
  5452 | D:5      | Found a deep blue altar of Sif Muna.
  5464 | D:5      | Found a white marble altar of Elyvilon.
  5465 | D:5      | Found a blossoming altar of Fedhas.
  5724 | D:6      | Found a radiant altar of Vehumet.
  5731 | D:6      | Reached skill level 5 in Shields
  5890 | D:6      | Reached skill level 5 in Armour
  6445 | D:7      | Reached ** piety under Cheibriados
  6780 | D:7      | Reached XP level 9. HP: 69/69 MP: 9/9
  6784 | D:7      | Gained mutation: Your spells are a little easier to cast, but a little less powerful. [mutagenic meat]
  6785 | D:7      | Gained mutation: Your system is resistant to poisons. (rPois) [mutagenic meat]
  6786 | D:7      | Gained mutation: You are covered in fur. (AC +1) [mutagenic meat]
  6788 | D:7      | Gained mutation: You occasionally shout uncontrollably at your foes. [mutagenic meat]
  6789 | D:7      | Gained mutation: You possess an exceptional clarity of mind. [mutagenic meat]
  7858 | D:8      | Reached *** piety under Cheibriados
  7882 | D:8      | Found a staircase to the Lair.
  7884 | D:8      | Noticed a komodo dragon
  7901 | D:8      | Killed a komodo dragon
  8104 | D:8      | Noticed a two-headed ogre
  8115 | D:8      | Killed a two-headed ogre
  8115 | D:8      | Gained mutation: A demonic guardian rushes to your aid. [demonic ancestry]
  8115 | D:8      | Reached XP level 10. HP: 68/79 MP: 10/10
  8728 | D:9      | Reached **** piety under Cheibriados
  8753 | D:9      | Reached skill level 1 in Invocations
  9315 | D:9      | Found a staircase to the Orcish Mines.
  9504 | D:9      | Reached ***** piety under Cheibriados
  9547 | D:9      | Gained mutation: You are agile. (Dex +2) [mutagenic meat]
  9548 | D:9      | Gained mutation: You are frail. (-10% HP) [mutagenic meat]
  9550 | D:9      | Lost mutation: You occasionally shout uncontrollably at your foes. [mutagenic meat]
  9552 | D:9      | Gained mutation: Your muscles are strong. (Str +2) [mutagenic meat]
  9798 | D:9      | Found a glowing golden altar of the Shining One.
  9857 | D:9      | Found an opulent altar of Gozag.
  9860 | D:9      | Found a stormy altar of Qazlal.
 10310 | D:10     | Entered Level 10 of the Dungeon
 10517 | D:10     | Noticed an unseen horror
 10534 | D:10     | Killed an unseen horror
 10534 | D:10     | Gained mutation: You are mostly covered in molten scales. (AC +3) [demonic ancestry]
 10534 | D:10     | Reached XP level 11. HP: 73/77 MP: 14/14
 10813 | D:10     | Noticed a two-headed ogre
 10818 | D:10     | Killed a two-headed ogre
 11106 | D:10     | Reached skill level 10 in Axes
 11160 | D:10     | Found a blossoming altar of Fedhas.
 11330 | D:10     | Reached skill level 5 in Invocations
 11422 | Lair:1   | Entered Level 1 of the Lair of Beasts
 12439 | Lair:2   | Reached ****** piety under Cheibriados
 13535 | Lair:2   | Gained mutation: You are completely covered in molten scales. (AC +4, rF+) [demonic ancestry]
 13535 | Lair:2   | Reached XP level 12. HP: 73/85 MP: 17/17
 14764 | Lair:3   | Noticed Gastronok
 14775 | Lair:3   | Killed Gastronok
 14959 | Lair:3   | Found a staircase to the Swamp.
 15076 | Lair:3   | Noticed a five-headed hydra
 15084 | Lair:3   | Killed an eight-headed hydra
 15510 | Lair:4   | Noticed an eight-headed hydra
 15519 | Lair:3   | Killed an eight-headed hydra
 15663 | Lair:4   | Reached skill level 10 in Fighting
 15934 | Lair:4   | Found a staircase to the Snake Pit.
 16078 | Lair:4   | Noticed a six-headed hydra
 16084 | Lair:4   | Noticed a five-headed hydra
 16084 | Lair:4   | Killed a six-headed hydra
 16090 | Lair:4   | Killed a five-headed hydra
 16166 | Lair:4   | Gained mutation: You have a pair of antennae on your head. [demonic ancestry]
 16166 | Lair:4   | Reached XP level 13. HP: 78/92 MP: 19/19
 17213 | Lair:5   | Found a dark tunnel.
 17237 | Volcano  | Entered a volcano
 17391 | Volcano  | Reached skill level 10 in Invocations
 17460 | Volcano  | Noticed a red draconian
 17477 | Volcano  | Killed a red draconian
 17604 | Volcano  | Got a brightly glowing hat
 17615 | Volcano  | Identified the +0 hat of Philately {Int+5 Dex-4 Stlth+} (You found it in a volcano)
 19012 | Lair:6   | Entered Level 6 of the Lair of Beasts
 19178 | Lair:6   | Reached skill level 10 in Shields
 19353 | Lair:6   | Noticed a fire dragon
 19370 | Lair:6   | Killed a fire dragon
 19370 | Lair:6   | Gained mutation: You have a pair of large antennae on your head. (SInv) [demonic ancestry]
 19370 | Lair:6   | Reached XP level 14. HP: 61/101 MP: 22/22
 19638 | Lair:6   | Reached skill level 10 in Armour
 20676 | Lair:6   | Noticed Snorg
 20685 | Lair:6   | Killed Snorg
 21786 | Orc:1    | Entered Level 1 of the Orcish Mines
 21949 | Orc:1    | Noticed an orc warlord
 21964 | Orc:1    | Killed an orc warlord
 22126 | Orc:1    | Found Jazakhos's Gadget Shoppe.
 22428 | Orc:2    | Entered Level 2 of the Orcish Mines
 22758 | Orc:2    | Noticed dvd's ghost (journeyman DsIE)
 23120 | Orc:2    | Killed dvd's ghost
 23759 | Orc:2    | Found a staircase to the Elven Halls.
 24150 | Orc:2    | Gained mutation: You are significantly more attuned to the shadows. [demonic ancestry]
 24150 | Orc:2    | Reached XP level 15. HP: 72/108 MP: 24/24
 24670 | Orc:2    | Found Uxapu's Magic Scroll Emporium.
 24670 | Orc:2    | Found Gakouro's Gadget Shop.
 24671 | Orc:2    | Found Wutiry's Assorted Antiques.
 24671 | Orc:2    | Found Xinoiv Kyne's Gadget Shoppe.
 25152 | Orc:2    | Bought a scroll of identify for 24 gold pieces
 25152 | Orc:2    | Bought a scroll of identify for 24 gold pieces
 25152 | Orc:2    | Bought a scroll of blinking for 90 gold pieces
 25152 | Orc:2    | Bought a scroll of identify for 24 gold pieces
 25152 | Orc:2    | Bought a scroll of identify for 24 gold pieces
 25153 | Orc:2    | Bought a marble ring for 135 gold pieces
 25153 | Orc:2    | Bought a potion of agility for 108 gold pieces
 25162 | Orc:2    | Bought a scroll of identify for 54 gold pieces
 25247 | D:11     | Found a labyrinth entrance.
 25266 | D:11     | Noticed Urug
 25273 | Lab      | Entered a labyrinth
 25474 | D:11     | Killed Urug
 27267 | D:13     | Found a frozen archway.
 27296 | IceCv    | Entered an ice cave
 27674 | IceCv    | Got a scorched graven amulet
 27855 | IceCv    | Identified the amulet "Cabbe" {Reflect Int+4 SH+3} (You found it in an ice cave)
 27981 | D:13     | Found Figiha's Weapon Shop.
 28183 | D:13     | Found a gate to the Vaults.
 28187 | D:13     | Reached skill level 15 in Invocations
 28367 | D:13     | Reached skill level 1 in Dodging
 29046 | D:14     | Lost mutation: You are frail. (-10% HP) [mutagenic meat]
 29047 | D:14     | Gained mutation: You have large cloven feet. [mutagenic meat]
 29250 | D:14     | Lost mutation: You are agile. (Dex +2) [mutagenic meat]
 29252 | D:14     | Gained mutation: You are robust. (+10% HP) [mutagenic meat]
 29305 | D:14     | Found a sacrificial altar of Ru.
 29346 | D:15     | Entered Level 15 of the Dungeon
 29495 | D:15     | Reached XP level 16. HP: 127/141 MP: 27/27
 29957 | D:15     | Found Geff's Armour Boutique.
 30481 | D:15     | Reached skill level 15 in Axes
 30587 | D:15     | Found a staircase to the Depths.
 30796 | Orc:2    | Bought 2 scrolls of fear for 84 gold pieces
 30796 | Orc:2    | Bought a scroll of enchant weapon for 90 gold pieces
 30952 | Snake:1  | Entered Level 1 of the Snake Pit
 31027 | Snake:1  | Found Qunun's Jewellery Shop.
 31027 | Snake:1  | Found Maposank's Jewellery Shop.
 31028 | Snake:1  | Found Azumeava's Gadget Shoppe.
 32325 | Snake:2  | Found Jamumell's Assorted Antiques.
 32331 | Snake:2  | Bought a scroll of blinking for 225 gold pieces
 33131 | Snake:2  | Reached skill level 5 in Dodging
 34557 | Snake:3  | Gained mutation: You resist negative energy. (rN+) [demonic ancestry]
 34557 | Snake:3  | Reached XP level 17. HP: 133/150 MP: 28/28
 35123 | Snake:3  | Noticed Nikola
 35143 | Snake:3  | Killed Nikola
 35953 | Swamp:1  | Entered Level 1 of the Swamp
 36349 | Swamp:1  | HP: 6/151 [thorn hunter/volley of thorns (22)]
 36349 | Swamp:1  | Killed from afar by a thorn hunter

Vault maps used:
D:1:      minmay_arrival_split_and_join, serial_forest,
          infiniplex_forest_clump_small, infiniplex_forest_end_1,
          infiniplex_forest_corner_2, infiniplex_forest_corner_1,
          infiniplex_forest_lined_room_2, minmay_tall_x
D:2:      first_bread, kennysheep_minor_cross
D:3:      elyvilon_altar_5
D:4:      minmay_temple_entry_large_hall
D:5:      minitemple, uniq_iyjb, uniq_sigmund, uniq_duvessa
D:6:      vehumet_altar_wand_db
D:7:      the_bakery
D:8:      david_lair_shrubbed
D:9:      grunt_temple_overflow_diamond, erik_orc_4
D:10:     introduction_to_nature_2
D:11:     lab_entry_generic, hex_tiny, uniq_urug
D:13:     david_vaults_2, portal_ice_cave_demonic_guard, serial_shops,
          nicolae_shop_window_shopping
D:14:     nicolae_ru_the_path_less_chosen
D:15:     gammafunk_enter_depths_forms, serial_shops, nicolae_shop_crystal,
          minmay_misc_feat_iff
Temple:   kb_temple_of_zot
Lair:2:   beast_lair_carwin_1, grunt_megastairs_1, infiniplex_staircase_pool_2
Lair:3:   swamp_mist_pool, uniq_gastronok
Lair:4:   onia_ninara_swampy_vault, minmay_snake_entry_spellcaster
Lair:5:   beast_lair_carwin_large_2, minmay_slime_entry_oklob_enclosed,
          nicolae_volcano_entry_hallway, grunt_megastairs_5,
          serial_bayou_shore_a
Lair:6:   guppyfry_lair_end_dragon, hangedman_lair_in_review, uniq_snorg
Swamp:1:  evilmike_swamp_ruin_rubble_1, swamp_pool1
Snake:1:  minmay_shop_grove
Snake:2:  serial_shops, shop, hangedman_snake_sidewinding
Snake:3:  grunt_ministairs_15, uniq_nikola
Orc:1:    serial_shops, nicolae_shop_trees
Orc:2:    st_orc_ogre_mass
Lab:      labyrinth_mini_lab, nicolae_lab_starburst
IceCv:    ice_cave_small_dragons
Volcano:  volcano_pools

Skill      XL: |  1  2  3  4  5  6  7  8  9 10 11 12 13 14 15 16 17 |
---------------+----------------------------------------------------+-----
Axes           | 2 3 4 5 6 8 9 11 12 13 14 15 | 15.7
Shields        | 3 4 5 6 7 8 9 10 11 12 | 12.3
Armour         | 3 4 5 6 7 8 9 10 11 12 | 12.6
Fighting       | 4 5 6 7 8 9 10 11 12 13 | 13.9
Invocations    | 4 7 9 10 12 15 | 15.0
Dodging        | 2 5 6 |  6.4

Action                   |  1- 3 |  4- 6 |  7- 9 | 10-12 | 13-15 | 16-18 || total
-------------------------+-------+-------+-------+-------+-------+-------++-------
Melee: War axe           |   182 |   146 |   248 |   624 |   849 |       ||  2049
       Morningstar       |       |       |       |    14 |     3 |       ||    17
       Scimitar          |       |       |       |       |    15 |     4 ||    19
       Broad axe         |       |       |       |       |   433 |   706 ||  1139
Invok: Slouch            |       |       |       |     1 |     8 |     7 ||    16
       Temporal Distorti |       |       |       |       |     3 |       ||     3
 Abil: Stop Flying       |       |       |       |       |     1 |       ||     1
Evoke: Wand              |       |     3 |       |     3 |     5 |       ||    11
  Use: Scroll            |     4 |     2 |     5 |     8 |    20 |     3 ||    42
       Potion            |       |     4 |     1 |     2 |     4 |     1 ||    12
 Stab: Distracted        |       |       |     2 |     3 |     8 |     7 ||    20
       Petrified         |       |       |       |       |     3 |       ||     3
       Paralysed         |       |       |       |       |     2 |       ||     2
  Eat: Chunk             |     4 |     4 |    13 |    16 |    26 |     2 ||    65
       Bread ration      |       |     1 |       |     1 |     2 |     3 ||     7
Armor: Scale mail        |    96 |    83 |     7 |       |       |       ||   186
       Chain mail        |       |       |   157 |    14 |       |       ||   171
       Plate armour      |       |       |       |   324 |   642 |   216 ||  1182
Dodge: Dodged            |    69 |    58 |    64 |   135 |   398 |   333 ||  1057
Block: Shield            |    92 |    81 |   166 |   468 |   945 |   409 ||  2161
       Large shield      |       |       |       |       |       |   239 ||   239
       Rpst.: Scimitar   |       |       |       |       |     2 |     1 ||     3
